 Dungeon Crawl Stone Soup version 0.31.0-12-g77e489cdc1 (webtiles) character file.

Game seed: 15314226465005436484

16769 gohu the Thaumaturge (level 12, -2/91 HPs)
             Began as a Djinni Fire Elementalist on Mar 7, 2024.
             Was an Elder of Makhleb.
             Slain by a death yak simulacrum (16 damage)
             ... in an ice cave.
             The game lasted 00:43:32 (14773 turns).

gohu the Thaumaturge (Djinni Fire Elementalist)    Turns: 14773, Time: 00:43:32

Health: -2/91      AC:  5    Str:  7    XL:     12   Next: 74%
Gold:   245        EV: 13    Int: 23    God:    Makhleb [****..] SH:  0 Dex: 13

rFire   + + .        i - staff of cold
rCold   . . .        (no shield)
rNeg    . . .        L - +0 troll leather armour
rPois   ∞            l - +0 helmet
rElec   .            (no cloak)
rCorr   +            E - +0 pair of gloves
SInv    .            (boots unavailable)
Will    +....        (no amulet)
Stlth   ++           D - ring of resist corrosion
HPRegen 1.15/turn    H - ring of wizardry
MPRegen 0.00/turn

%: wizardry (x1), infuse magic (-3 HP)
@: flying
A: sickness immunity, fire resistance 2, cold vulnerability 1, float, innate
caster, HP casting, extra vitality 1
a: Renounce Religion, Minor Destruction, Lesser Servant of Makhleb, Major
Destruction


You were in an ice cave.
You worshipped Makhleb.
Makhleb was greatly pleased with you.
You visited 3 branches of the dungeon, and saw 13 of its levels.
You also visited: Sewer, Ossuary and Ice Cave.

You collected 632 gold pieces.
You spent 387 gold pieces at shops.

Inventory:

Armour
 a - a +0 robe
 l - a +0 helmet (worn)
 u - a +0 leather armour of fire resistance
 E - a +0 pair of gloves (worn)
 F - a +0 kite shield
 L - a +0 troll leather armour (worn)
Magical Staves
 f - a staff of fire
 i - a staff of cold (weapon)
Jewellery
 A - a ring of fire
 D - a ring of resist corrosion (left hand)
 H - a ring of wizardry (right hand)
 K - a ring of fire
Wands
 y - a wand of flame (42)
 G - a wand of light (10)
 N - a wand of iceblast (6)
Scrolls
 c - a scroll of fog
 d - 16 scrolls of teleportation
 g - a scroll of fear
 h - 3 scrolls of blinking
 k - 4 scrolls of amnesia
 m - 4 scrolls of enchant armour
 n - 4 scrolls of brand weapon
 o - 5 scrolls of poison
 q - a scroll of immolation
 r - 3 scrolls of revelation
 w - 2 scrolls of vulnerability
 x - 2 scrolls of noise
 z - 2 scrolls of summoning
 I - a scroll of silence
Potions
 b - 2 potions of lignification
 e - 12 potions of curing {unknown}
 j - 4 potions of degeneration
 p - 2 potions of brilliance
 s - 3 potions of heal wounds
 t - a potion of magic
 v - a potion of might
 B - a potion of mutation
 C - 3 potions of attraction
 M - a potion of haste


   Skills:
 * Level 9.7 Fighting
 - Level 3.3 Armour
 + Level 6.0 Dodging
 - Level 1.5 Stealth
 + Level 12.4 Spellcasting
 + Level 12.4 Conjurations
 + Level 12.4 Hexes
   Level 0.0 Charms
 + Level 12.4 Summonings
 + Level 12.4 Necromancy
 + Level 12.4 Translocations
   Level 0.0 Transmutations
 + Level 12.4 Fire Magic
 + Level 12.4 Ice Magic
 + Level 12.4 Air Magic
 + Level 12.4 Earth Magic
 + Level 12.4 Alchemy
 + Level 5.6 Invocations


You knew the following spells:

 Your Spells              Type           Power      Damage    Failure   Level
a - Foxfire               Conj/Fire      100%       2x1d9     1%          1
b - Scorch                Fire           100%       2d9       1%          2
c - Volatile Blastmotes   Fire/Tloc      100%       2d18      1%          3
d - Mephitic Cloud        Conj/Alch/Air  64%        N/A       1%          3
e - Flame Wave            Conj/Fire      64%        2d15      1%          4
f - Freeze                Ice            100%       1d10      1%          1
g - Mercury Vapours       Alch/Air       100%       N/A       1%          2
h - Inner Flame           Hex/Fire       64%        N/A       1%          3
i - Fulminant Prism       Conj/Alch      32%        3d15      1%          4
j - Curse of Agony        Necr           64%        N/A       1%          5
Your spell library was empty.

Dungeon Overview and Level Annotations

Branches:
Dungeon (10/15)            Temple (1/1) D:7            Lair (2/5) D:10
  Sewer (visited)         Ossuary (visited)           IceCv (1/1)
  Swamp: Lair:2-3    Shoals: Lair:2-3     Snake: Lair:2-3    Spider: Lair:2-3
    Orc: D:9-12

Altars:
Ashenzari
Cheibriados
Dithmenos
Elyvilon
Fedhas
Gozag
Hepliaklqana
Makhleb
Nemelex Xobeh
Okawaru
Qazlal
Ru
Trog
Uskayaw
Wu Jian
Xom
Yredelemnul
Zin
The Shining One

Shops:
D:2 ?!   D:6 *   D:9 (

Annotations:
D:9 exclusion: downstairs


Innate Abilities, Weirdness & Mutations

You are immune to sickness and miasma.
You are immune to poison.
Your flesh is very heat resistant. (rF++)
You are vulnerable to cold. (rC-)
You float through the air rather than walking.
You learn spells naturally, not from books.
Your magical power is your life essence.
You have superior vitality. (+4 MHP)


Message History

The cane toad simulacrum is severely damaged.
You finish channelling waves of flame.
Casting: Flame Wave (safe; 1% risk of failure)
Confirm with . or Enter, or press ? or * to list all spells.
Casting: Flame Wave (safe; 1% risk of failure)
Press: ? - help, Dir - look around, f - activate A wave of flame ripples out! (Press . to intensify the flame waves.)
A wave of flame ripples out!
The flame wave engulfs the cane toad simulacrum!!
The cane toad simulacrum melts!
The cane toad simulacrum vaporises!
Makhleb accepts your kill.
You feel better.
You hear a sizzling sound!
A wave of flame ripples out!
The flame wave engulfs the death yak simulacrum!!
The death yak simulacrum melts!
The death yak simulacrum is heavily damaged.
You finish channelling waves of flame.
Casting: Flame Wave (safe; 1% risk of failure)
Confirm with . or Enter, or press ? or * to list all spells.
Flames lash the death yak simulacrum.
The death yak simulacrum melts!
The death yak simulacrum is heavily damaged.
The death yak simulacrum's fire resistance burns away.
A freezing wraith comes into view.
The death yak simulacrum misses you.
Casting: Scorch (safe; 1% risk of failure)
Confirm with . or Enter, or press ? or * to list all spells.
Flames lash the death yak simulacrum but do no damage.
The death yak simulacrum gores you! The death yak simulacrum freezes you!!
The death yak simulacrum gores you!! The death yak simulacrum freezes you!!
* * * LOW HITPOINT WARNING * * *
A polar bear simulacrum comes into view.
You feel much better.
The death yak simulacrum is no longer more vulnerable to fire.
The death yak simulacrum gores you!!
* * * LOW HITPOINT WARNING * * *
The death yak simulacrum freezes you!
You die...

#######
##.....# .
##......#
....#.......#
Z...W.Z@..∩.#
....#.......#
. ##......#
##.....#
#######


You could see a freezing wraith, a death yak simulacrum and a polar bear
simulacrum (wandering).

Vanquished Creatures
  A hydra (Lair:2)
  2 two-headed ogres (D:10)
  An ugly thing (D:10)
  2 cane toads (Lair:1)
  Jeremiah (D:6)
  Maggie (D:7)
  A komodo dragon (Lair:1)
  2 trolls
  A polar bear (Lair:1)
  Prince Ribbit (D:8)
  2 wraiths
  Sigmund (D:2)
  30 yaks
  3 wyverns (D:10)
  A basilisk (D:10)
  3 steam dragons
  Menkaure (D:6)
  8 water moccasins
  2 black bears
  5 orc warriors
  2 sky beasts
  6 wolves
  2 centaurs
  A phantom (D:5)
  A kobold brigand (D:7)
  12 bullfrogs
  Blork the orc (D:6)
  A gnoll sergeant (D:9)
  2 cane toad simulacra (IceCv)
  7 scorpions
  4 wights (D:8)
  5 killer bees (D:9)
  An elephant simulacrum (IceCv)
  A water moccasin skeleton (D:5)
  A troll zombie (Ossuary)
  2 howler monkeys
  4 bullfrog zombies (D:5)
  A bombardier beetle (D:5)
  4 centaur zombies
  2 hounds (D:6)
  2 jellies
  10 orc priests
  A sleepcap (D:6)
  5 iguanas
  Jessica (D:2)
  3 scorpion zombies (D:5)
  18 orc wizards
  3 ogre zombies (Ossuary)
  A hound zombie (D:5)
  A hound skeleton (D:5)
  7 mummies (Ossuary)
  7 gnolls
  11 adders
  5 river rats (Sewer)
  A white imp (D:8)
  4 ufetubi
  4 adder zombies
  An adder skeleton (D:5)
  2 dart slugs
  3 ribbon worms (D:2)
  58 orcs
  15 ball pythons
  11 endoplasms
  8 giant cockroaches
  A gnoll zombie (Ossuary)
  3 goblins
  9 hobgoblins
  7 jackals
  6 kobolds
  5 quokkas
  6 bats
  3 frilled lizards
  7 goblin zombies (Ossuary)
  8 hobgoblin zombies (Ossuary)
  3 kobold zombies (Ossuary)
  2 quokka zombies (Ossuary)
  18 rats
  A rat zombie (Ossuary)
  A foxfire (D:7)
391 creatures vanquished.

Vanquished Creatures (collateral kills)
  A foxfire (D:7)
1 creature vanquished.

Vanquished Creatures (others)
  An orc wizard (D:8)
  622 foxfires
  3 fulminant prisms
626 creatures vanquished.

Grand Total: 1018 creatures vanquished

Notes
Turn   | Place    | Note
-------+----------+-------------------------------------------
     0 | D:1      | gohu the Djinni Fire Elementalist began the quest for the
                  | Orb.
     0 | D:1      | gohu set off with the following spells memorised: Foxfire,
                  | Scorch, Volatile Blastmotes, Inner Flame, Flame Wave.
     0 | D:1      | Reached XP level 1. HP: 15/15 MP: 0/0
   240 | D:1      | Reached XP level 2. HP: 20/21 MP: 0/0
   282 | D:1      | Found a faded altar of an unknown god.
   973 | D:2      | Reached XP level 3. HP: 25/25 MP: 0/0
   973 | D:2      | Learned a level 1 spell: Freeze
  1197 | D:2      | Noticed Jessica
  1203 | D:2      | Killed Jessica
  1204 | D:2      | Reached XP level 4. HP: 29/31 MP: 0/0
  1365 | D:2      | Found Weuh's Distillery.
  1383 | D:2      | Bought a potion of degeneration for 12 gold pieces
  1411 | D:2      | Found a shimmering altar of Xom.
  1449 | D:2      | Found Qahech's Magic Scroll Shop.
  1458 | D:2      | Bought a scroll of identify for 24 gold pieces
  1577 | D:2      | Noticed Sigmund
  1613 | D:2      | Killed Sigmund
  1614 | D:2      | Reached skill level 5 in Spellcasting
  1614 | D:2      | Reached skill level 5 in Conjurations
  1614 | D:2      | Reached skill level 5 in Hexes
  1614 | D:2      | Reached skill level 5 in Summonings
  1614 | D:2      | Reached skill level 5 in Necromancy
  1614 | D:2      | Reached skill level 5 in Translocations
  1614 | D:2      | Reached skill level 5 in Fire Magic
  1614 | D:2      | Reached skill level 5 in Ice Magic
  1614 | D:2      | Reached skill level 5 in Air Magic
  1614 | D:2      | Reached skill level 5 in Earth Magic
  1614 | D:2      | Reached skill level 5 in Alchemy
  1614 | D:2      | Reached XP level 5. HP: 26/35 MP: 0/0
  1614 | D:2      | Learned a level 2 spell: Mercury Vapours
  1614 | D:2      | Reached XP level 6. HP: 30/40 MP: 0/0
  2181 | D:3      | Found a glowing drain.
  2197 | Sewer    | Entered a sewer
  2316 | Sewer    | Reached XP level 7. HP: 22/45 MP: 0/0
  2316 | Sewer    | Learned a level 3 spell: Mephitic Cloud
  3033 | D:4      | Found an iron altar of Okawaru.
  3059 | D:4      | Found an opulent altar of Gozag.
  3607 | D:4      | Found a shadowy altar of Dithmenos.
  3607 | D:4      | Found a stormy altar of Qazlal.
  3617 | D:4      | Reached XP level 8. HP: 45/50 MP: 0/0
  3618 | D:4      | Found a hide-covered altar of Uskayaw.
  3619 | D:4      | Found a sacrificial altar of Ru.
  3822 | D:5      | Entered Level 5 of the Dungeon
  4960 | D:5      | Reached XP level 9. HP: 51/55 MP: 0/0
  4960 | D:5      | Learned a level 4 spell: Fulminant Prism
  5415 | D:5      | Found a burning altar of Makhleb.
  5429 | D:5      | Became a worshipper of Makhleb the Destroyer
  5921 | D:6      | Reached skill level 10 in Spellcasting
  5921 | D:6      | Reached skill level 10 in Conjurations
  5921 | D:6      | Reached skill level 10 in Hexes
  5921 | D:6      | Reached skill level 10 in Summonings
  5921 | D:6      | Reached skill level 10 in Necromancy
  5921 | D:6      | Reached skill level 10 in Translocations
  5921 | D:6      | Reached skill level 10 in Fire Magic
  5921 | D:6      | Reached skill level 10 in Ice Magic
  5921 | D:6      | Reached skill level 10 in Air Magic
  5921 | D:6      | Reached skill level 10 in Earth Magic
  5921 | D:6      | Reached skill level 10 in Alchemy
  6036 | D:6      | Noticed Jeremiah
  6044 | D:6      | Killed Jeremiah
  6287 | D:6      | Reached XP level 10. HP: 56/60 MP: 0/0
  6662 | D:6      | Noticed Blork the orc
  6671 | D:6      | Killed Blork the orc
  6672 | D:6      | Noticed Menkaure
  7146 | D:6      | Killed Menkaure
  7146 | D:6      | Reached * piety under Makhleb
  7198 | D:6      | Found Hed Bun's Assorted Antiques.
  7207 | D:6      | Bought a scroll labelled OLUBECA OSSA for 24 gold pieces
  7207 | D:6      | Bought a viscous emerald potion for 21 gold pieces
  7207 | D:6      | Bought a scroll labelled HIG ASUTESS for 24 gold pieces
  7207 | D:6      | Bought a scroll labelled MAGRIU UBAE for 24 gold pieces
  7475 | D:2      | Bought a scroll of revelation for 90 gold pieces
  7475 | D:2      | Bought a scroll of teleportation for 36 gold pieces
  7475 | D:2      | Bought a scroll of teleportation for 36 gold pieces
  7610 | D:7      | Found a staircase to the Ecumenical Temple.
  7851 | D:7      | Found a sand-covered staircase.
  7860 | Ossuary  | Entered an ossuary
  8688 | Ossuary  | Reached skill level 1 in Fighting
  8716 | Ossuary  | Reached ** piety under Makhleb
  8791 | D:7      | Noticed Maggie
  8815 | D:7      | Killed Maggie
  8816 | D:7      | Reached skill level 1 in Armour
  9762 | D:8      | Noticed Prince Ribbit
  9776 | D:8      | Killed Prince Ribbit
  9777 | D:8      | Reached XP level 11. HP: 55/72 MP: 0/0
  9777 | D:8      | Learned a level 5 spell: Curse of Agony
 11110 | D:2      | Bought a scroll of identify for 24 gold pieces
 11110 | D:2      | Bought a scroll of identify for 24 gold pieces
 11110 | D:2      | Bought a scroll of identify for 24 gold pieces
 11110 | D:2      | Bought a scroll of identify for 24 gold pieces
 11245 | Temple   | Entered the Ecumenical Temple
 11333 | D:9      | Reached *** piety under Makhleb
 11345 | D:9      | Reached skill level 5 in Fighting
 11591 | D:9      | Reached skill level 1 in Invocations
 11801 | D:9      | Found Lyiwne's Antique Weapon Emporium.
 12482 | D:10     | Entered Level 10 of the Dungeon
 12513 | D:10     | Noticed a two-headed ogre
 12534 | D:10     | Killed a two-headed ogre
 12535 | D:10     | Noticed a two-headed ogre
 12678 | D:10     | Found a white marble altar of Elyvilon.
 13087 | D:10     | Reached **** piety under Makhleb
 13334 | D:10     | Found a staircase to the Lair.
 13378 | D:10     | Noticed a cyan ugly thing
 13403 | D:10     | Killed a cyan ugly thing
 13647 | D:10     | Killed a two-headed ogre
 13648 | D:10     | Reached XP level 12. HP: 86/86 MP: 0/0
 13974 | Lair:1   | Entered Level 1 of the Lair of Beasts
 14045 | Lair:1   | Reached skill level 5 in Dodging
 14053 | Lair:1   | Reached skill level 5 in Invocations
 14633 | Lair:2   | Noticed a seven-headed hydra
 14644 | Lair:2   | Killed a seven-headed hydra
 14746 | Lair:2   | Found a frozen archway.
 14755 | IceCv    | Entered an ice cave
 14772 | IceCv    | HP: 2/91 [death yak simulacrum (34)]
 14773 | IceCv    | Slain by a death yak simulacrum

Illustrated notes

Levels and vault maps discovered:
D:1:      scummos_arrival_gate, layout_basic,
          ebering_ecumenical_altar_abandoned, serial_park_tiny_2,
          minmay_misc_feat_cross
D:2:      layout_rooms, serial_shops, nicolae_shop_advertising_works
          [nicolae_subvault_shop_adworks], nicolae_shop_just_a_little_nook,
          basic_altar, st_stairs_14, uniq_sigmund, uniq_jessica
D:3:      layout_loops_ring, portal_sewer_entry_f, grunt_decor_junction,
          serial_park_tiny_1
D:4:      layout_basic, grunt_temple_overflow_open,
          mainiacjoe_overflow_large_starburst, nicolae_underground_beach
D:5:      layout_basic, mainiacjoe_overflow_catwalk, serial_undead,
          serial_undead_d, serial_undead_a, serial_undead_d, serial_undead_f,
          serial_undead_d, serial_undead_b
D:6:      layout_rooms, serial_shops, nicolae_shop_stone, kennysheep_donut,
          uniq_blork_the_orc, uniq_menkaure, uniq_jeremiah
D:7:      layout_loops_ring, minmay_temple_entry_gardened_gates,
          mainiacjoe_ossuary_entry_dusty_tomb, uniq_maggie
D:8:      layout_basic, kennysheep_orc_sif_temple, uniq_prince_ribbit1
D:9:      layout_loops_cross, serial_shops, shop
D:10:     layout_gridville, mainiacjoe_overflow_alcove_1, elyvilon_altar_5,
          minmay_lair_entry_grove
Temple:   chequers_temple_sunken
Lair:1:   layout_hall_layers
Lair:2:   layout_regular_city, portal_ice_cave_entry_pillars_1
IceCv:    ice_cave_statue_garden_chambered

Skill      XL: |  1  2  3  4  5  6  7  8  9 10 11 12 |
---------------+-------------------------------------+-----
Spellcasting   | 4 5 6 7 8 10 11 12 | 12.4
Conjurations   | 4 5 6 7 8 10 11 12 | 12.4
Hexes          | 4 5 6 7 8 10 11 12 | 12.4
Summonings     | 4 5 6 7 8 10 11 12 | 12.4
Necromancy     | 4 5 6 7 8 10 11 12 | 12.4
Translocations | 4 5 6 7 8 10 11 12 | 12.4
Fire Magic     | 4 5 6 7 8 10 11 12 | 12.4
Ice Magic      | 4 5 6 7 8 10 11 12 | 12.4
Air Magic      | 4 5 6 7 8 10 11 12 | 12.4
Earth Magic    | 4 5 6 7 8 10 11 12 | 12.4
Alchemy        | 4 5 6 7 8 10 11 12 | 12.4
Fighting       | 3 8 9 |  9.7
Armour         | 2 3 |  3.3
Dodging        | 3 4 6 |  6.0
Invocations    | 4 5 |  5.6
Stealth        | |  1.5

Action                     |  1- 3 |  4- 6 |  7- 9 | 10-12 || total
---------------------------+-------+-------+-------+-------++-------
  Melee: Unarmed           |       |     1 |       |       ||     1
         Staff             |       |     1 |     4 |     4 ||     9
   Cast: Foxfire           |    46 |    69 |   125 |   144 ||   384
         Scorch            |    10 |    17 |    80 |   158 ||   265
         Volatile Blastmot |       |     3 |    25 |    60 ||    88
         Mercury Vapours   |       |     1 |       |       ||     1
         Mephitic Cloud    |       |       |    13 |     5 ||    18
         Flame Wave        |       |       |     9 |    43 ||    52
         Fulminant Prism   |       |       |     1 |     2 ||     3
    Use: Scroll            |       |     2 |       |    18 ||    20
         Potion            |       |       |       |     3 ||     3
 Armour: Robe              |     5 |    18 |    74 |    65 ||   162
         Leather armour    |       |       |       |    66 ||    66
         Troll leather arm |       |       |       |    26 ||    26
  Dodge: Dodged            |    10 |    19 |    75 |   114 ||   218
